APL (24 & UNDER)
SCOTTSDALE SCORPIONS @ KENOSHA KINGFISH
05/26/2030
 
TOP OF THE 1ST
Scottsdale Scorpions batting - Pitching for Kenosha Kingfish : RHP Brian Lovelace
Pitching: RHP Brian Lovelace
Batting: LHB Ernesto Hernández 0-0: Ball
1-0: Called Strike
1-1: Swinging Strike
1-2: Ground out 4-3 (Groundball, 4)
Batting: RHB José Martínez 0-0: Ball
1-0: Ball
2-0: Called Strike
2-1: Ball
3-1: Called Strike
3-2: Foul Ball, location: 2F
3-2: Ground out 2-3 (Groundball, 15S)
Batting: LHB Shawn Brown 0-0: Ground out 4-3 (Groundball, 4)
Top of the 1st over - 0 runs, 0 hits, 0 errors, 0 left on base; Scottsdale 0 - Kenosha 0
BOTTOM OF THE 1ST
Kenosha Kingfish batting - Pitching for Scottsdale Scorpions : RHP Miguel Yan
Pitching: RHP Miguel Yan
Batting: RHB Armando Arellano 0-0: Swinging Strike
0-1: Foul Ball, location: 2F
0-2: Ball
1-2: Strikes out swinging
Batting: LHB Pat Williams 0-0: Ball
1-0: SINGLE (Groundball, 4MD)
Batting: LHB Juan Rodríguez 0-0: Ball
1-0: Called Strike
1-1: Ball
2-1: Ball
3-1: Foul Ball, location: 2F
3-2: Fly out, F9 (Flyball, 9D)
Batting: LHB Justin McCoy 0-0: 2-RUN HOME RUN (Flyball, 7LD), Distance : 365 ft
Batting: RHB Millard Ferguson 0-0: Called Strike
0-1: Foul Ball, location: 2F
0-2: Foul Ball, location: 2F
0-2: Ball
1-2: Strikes out swinging
Bottom of the 1st over - 2 runs, 2 hits, 0 errors, 0 left on base; Scottsdale 0 - Kenosha 2
TOP OF THE 2ND
Scottsdale Scorpions batting - Pitching for Kenosha Kingfish : RHP Brian Lovelace
Batting: LHB Tony Ayala 0-0: Called Strike
0-1: Ball
1-1: Called Strike
1-2: Ball
2-2: Foul Ball, location: 2F
2-2: Ball
3-2: Base on Balls
Batting: RHB Miguel Ramos 0-0: Ball
Tony Ayala steals 2nd base
1-0: SINGLE (Groundball, 56) (infield hit)
Tony Ayala to third
Batting: RHB Phil Rowlett 0-0: Ball
1-0: Foul Ball, location: 2F
1-1: Ball
Wild Pitch!
Tony Ayala scores
Miguel Ramos to second
2-1: Fly out, F9 (Flyball, 9LMF)
Runner from 2nd tags up, SAFE at 3rd with throw
Batting: LHB Clayton Bailey 0-0: Ball
1-0: Ball
2-0: Ball
3-0: Called Strike
3-1: Foul Ball, location: 2F
3-2: Foul Ball, location: 2F
3-2: Base on Balls
Batting: LHB Ángel De Jesús 0-0: Ball
1-0: SINGLE (Groundball, 4MD)
Miguel Ramos scores
Clayton Bailey to second
Batting: RHB Robinson Fernández 0-0: Ball
1-0: Ball
2-0: Ball
3-0: Base on Balls
Clayton Bailey to third
Ángel De Jesús to second
Batting: LHB Ernesto Hernández 0-0: Ball
1-0: Foul Ball, location: 2F
1-1: Ball
2-1: Fly out, F3 (Popup, 34S)
Batting: RHB José Martínez 0-0: Ball
1-0: Ball
2-0: Foul Ball, location: 2F
2-1: Ball
3-1: Base on Balls
Clayton Bailey scores
Ángel De Jesús to third
Robinson Fernández to second
Batting: LHB Shawn Brown 0-0: Swinging Strike
0-1: Foul Ball, location: 2F
0-2: SINGLE (Flyball, 9S)
Ángel De Jesús scores
Robinson Fernández to third
José Martínez to second
Runner from 3rd tries for Home, SAFE, no throw
Batting: LHB Tony Ayala 0-0: Ball
1-0: Ball
2-0: Ball
3-0: Called Strike
3-1: Called Strike
3-2: Fly out, F6 (Line Drive, 6)
Top of the 2nd over - 5 runs, 3 hits, 0 errors, 2 left on base; Scottsdale 5 - Kenosha 2
BOTTOM OF THE 2ND
Kenosha Kingfish batting - Pitching for Scottsdale Scorpions : RHP Miguel Yan
Batting: LHB Harry Davis 0-0: Called Strike
0-1: Foul Ball, location: 2F
0-2: Foul Ball, location: 2F
0-2: Ground out 1-3 (Groundball, P)
Batting: RHB Jeff Navarro 0-0: Ball
1-0: Ball
2-0: Ball
3-0: Called Strike
3-1: Base on Balls
Batting: RHB Juan Escalante 0-0: SINGLE (Line Drive, 7LS)
Jeff Navarro to second
Batting: SHB José Ayala 0-0: Called Strike
0-1: Ball
1-1: Ball
2-1: Called Strike
2-2: Ball
3-2: SINGLE (Line Drive, 89S)
Jeff Navarro to third
Juan Escalante to second
Batting: RHB Armando Arellano 0-0: Ball
1-0: Ball
2-0: SINGLE (Line Drive, 89S)
Jeff Navarro scores
Juan Escalante to third
José Ayala to second
Runner from 3rd tries for Home, SAFE, no throw
Batting: LHB Pat Williams 0-0: Called Strike
0-1: Swinging Strike
0-2: Ball
1-2: Ball
2-2: Foul Ball, location: 2F
2-2: Strikes out looking
Batting: LHB Juan Rodríguez 0-0: Ball
1-0: Swinging Strike
1-1: Ball
2-1: Fly out, F9 (Flyball, 9)
Bottom of the 2nd over - 2 runs, 3 hits, 0 errors, 2 left on base; Scottsdale 5 - Kenosha 4
TOP OF THE 3RD
Scottsdale Scorpions batting - Pitching for Kenosha Kingfish : RHP Brian Lovelace
Batting: RHB Miguel Ramos 0-0: Called Strike
0-1: Foul Ball, location: 2F
0-2: SINGLE (Line Drive, 6MD)
Batting: RHB Phil Rowlett 0-0: Foul Ball, location: 2F
0-1: Foul Ball, location: 2F
0-2: Ball
1-2: Ball
2-2: Strikes out looking
Batting: LHB Clayton Bailey 0-0: Ball
1-0: Called Strike
Miguel Ramos is caught stealing 2nd base
1-1: Reached via error on a dropped throw, E1
Batting: LHB Ángel De Jesús 0-0: Called Strike
0-1: Ball
1-1: Ball
2-1: Ground out 2-3 (Groundball, 15S)
Top of the 3rd over - 0 runs, 1 hit, 1 error, 1 left on base; Scottsdale 5 - Kenosha 4
BOTTOM OF THE 3RD
Kenosha Kingfish batting - Pitching for Scottsdale Scorpions : RHP Miguel Yan
Batting: LHB Justin McCoy 0-0: Ball
1-0: Ball
2-0: Called Strike
2-1: Ball
3-1: Base on Balls
Batting: RHB Millard Ferguson 0-0: Ball
1-0: Called Strike
1-1: Swinging Strike
1-2: Ball
2-2: Ball
3-2: Foul Ball, location: 2F
3-2: Grounds into double play, 6-4-3 (Groundball, 6D)
Batting: LHB Harry Davis 0-0: Ball
1-0: Called Strike
1-1: Foul Ball, location: 2F
1-2: Strikes out looking
Bottom of the 3rd over - 0 runs, 0 hits, 0 errors, 0 left on base; Scottsdale 5 - Kenosha 4
TOP OF THE 4TH
Scottsdale Scorpions batting - Pitching for Kenosha Kingfish : RHP Brian Lovelace
Batting: RHB Robinson Fernández 0-0: Ball
1-0: Ball
2-0: DOUBLE (Line Drive, 89M)
Batting: LHB Ernesto Hernández 0-0: Ball
1-0: Foul Ball, location: 2F
1-1: Ball
2-1: Ground out 4-3 (Groundball, 4)
Robinson Fernández to third
Batting: RHB José Martínez 0-0: Foul Ball, location: 2F
0-1: Swinging Strike
0-2: Strikes out looking
Batting: LHB Shawn Brown 0-0: Called Strike
0-1: Called Strike
0-2: Ball
1-2: Strikes out swinging
Top of the 4th over - 0 runs, 1 hit, 0 errors, 1 left on base; Scottsdale 5 - Kenosha 4
BOTTOM OF THE 4TH
Kenosha Kingfish batting - Pitching for Scottsdale Scorpions : RHP Miguel Yan
Batting: RHB Jeff Navarro 0-0: Swinging Strike
0-1: SINGLE (Line Drive, 9S)
Batting: RHB Juan Escalante 0-0: Ball
1-0: Ball
2-0: Called Strike
2-1: Foul Ball, location: 2F
2-2: Ball
3-2: Foul Ball, location: 2F
3-2: Base on Balls
Jeff Navarro to second
Batting: SHB José Ayala 0-0: Called Strike
0-1: Foul Ball, location: 2F
0-2: Foul Ball, location: 2F
0-2: Ball
1-2: Ball
2-2: Ball
3-2: Strikes out swinging
Batting: RHB Armando Arellano 0-0: Foul Ball, location: 2F
0-1: Ball
1-1: SINGLE (Groundball, 34D)
Jeff Navarro to third
Juan Escalante to second
Batting: LHB Pat Williams 0-0: Ground out 4-3 (Groundball, 4S)
Jeff Navarro scores
Juan Escalante to third
Armando Arellano to second
Batting: LHB Juan Rodríguez 0-0: Ball
1-0: Ground out 4-3 (Groundball, 4)
Bottom of the 4th over - 1 run, 2 hits, 0 errors, 2 left on base; Scottsdale 5 - Kenosha 5
TOP OF THE 5TH
Scottsdale Scorpions batting - Pitching for Kenosha Kingfish : RHP Brian Lovelace
Batting: LHB Tony Ayala 0-0: Swinging Strike
0-1: Ball
1-1: Foul Ball, location: 2F
1-2: Ball
2-2: Strikes out swinging
Batting: RHB Miguel Ramos 0-0: Ball
1-0: Ball
2-0: Ball
3-0: Called Strike
3-1: Foul Ball, location: 2F
3-2: Ground out 6-3 (Groundball, 6)
Batting: RHB Phil Rowlett 0-0: Called Strike
0-1: Swinging Strike
0-2: Ball
1-2: Ball
2-2: Strikes out swinging
Top of the 5th over - 0 runs, 0 hits, 0 errors, 0 left on base; Scottsdale 5 - Kenosha 5
BOTTOM OF THE 5TH
Kenosha Kingfish batting - Pitching for Scottsdale Scorpions : RHP Miguel Yan
Batting: LHB Justin McCoy 0-0: Ball
1-0: Called Strike
1-1: Ball
2-1: Ball
3-1: Foul Ball, location: 2F
3-2: Base on Balls
Batting: RHB Millard Ferguson 0-0: Foul Ball, location: 2F
0-1: Swinging Strike
0-2: Ball
1-2: Foul Ball, location: 2F
1-2: Ball
2-2: Ball
3-2: Base on Balls
Justin McCoy to second
Pitching: RHP José Alvarado
Batting: LHB Harry Davis 0-0: Ball
1-0: Ball
2-0: Ball
3-0: Base on Balls
Justin McCoy to third
Millard Ferguson to second
Batting: RHB Jeff Navarro 0-0: Called Strike
0-1: SINGLE (Groundball, 6MD)
Justin McCoy scores
Millard Ferguson to third
Harry Davis to second
Batting: RHB Juan Escalante 0-0: Called Strike
0-1: Ball
1-1: Swinging Strike
1-2: Ball
2-2: Ball
3-2: Grounds into fielders choice 4-2 (Groundball, 4)
Harry Davis to third
Jeff Navarro to second
Batting: SHB José Ayala 0-0: Foul Ball, location: 2F
0-1: Ball
1-1: Ball
2-1: Foul Ball, location: 2F
2-2: Foul Ball, location: 2F
2-2: Fly out, F6 (Popup, 6)
Batting: RHB Armando Arellano 0-0: Ball
1-0: Fielders Choice at 2nd, 6-4 (Groundball, 6)
Bottom of the 5th over - 1 run, 1 hit, 0 errors, 3 left on base; Scottsdale 5 - Kenosha 6
TOP OF THE 6TH
Scottsdale Scorpions batting - Pitching for Kenosha Kingfish : RHP Brian Lovelace
Pitching: RHP Pablo Suárez
Batting: LHB Clayton Bailey 0-0: Ball
1-0: Swinging Strike
1-1: Ball
2-1: Ball
3-1: Ground out 6-3 (Groundball, 6)
Batting: LHB Ángel De Jesús 0-0: Ball
1-0: Called Strike
1-1: SINGLE (Groundball, 34D)
Batting: RHB Robinson Fernández 0-0: Foul Ball, location: 2F
0-1: Foul Ball, location: 2F
0-2: Ball
1-2: Foul Ball, location: 2F
1-2: Ball
2-2: Ball
3-2: Ground out 3-1 (Groundball, 34S)
Ángel De Jesús to second
Batting: LHB Ernesto Hernández 0-0: Ball
1-0: Ground out 5-3 (Groundball, 5)
Top of the 6th over - 0 runs, 1 hit, 0 errors, 1 left on base; Scottsdale 5 - Kenosha 6
BOTTOM OF THE 6TH
Kenosha Kingfish batting - Pitching for Scottsdale Scorpions : RHP José Alvarado
Batting: LHB Pat Williams 0-0: Swinging Strike
0-1: Ball
1-1: Ground out U3 (Groundball, 34)
Batting: LHB Juan Rodríguez 0-0: Ball
1-0: Fly out, F8 (Flyball, 8RM)
Batting: LHB Justin McCoy 0-0: Called Strike
0-1: Foul Ball, location: 2F
0-2: Foul Ball, location: 2F
0-2: Fly out, F4 (Line Drive, 34)
Bottom of the 6th over - 0 runs, 0 hits, 0 errors, 0 left on base; Scottsdale 5 - Kenosha 6
TOP OF THE 7TH
Scottsdale Scorpions batting - Pitching for Kenosha Kingfish : RHP Pablo Suárez
Batting: RHB José Martínez 0-0: Ball
1-0: Ball
2-0: Foul Ball, location: 2F
2-1: Called Strike
2-2: Strikes out looking
Pitching: LHP Carlos Martínez
Batting: LHB Shawn Brown 0-0: Ball
1-0: Ball
2-0: Ball
3-0: Called Strike
3-1: Called Strike
3-2: Foul Ball, location: 2F
3-2: SOLO HOME RUN (Line Drive, 9LD), Distance : 360 ft
Batting: LHB Tony Ayala 0-0: Ball
1-0: Called Strike
1-1: Ball
2-1: Fly out, F8 (Flyball, 8RM)
Pitching: RHP Jim Snyder
Pinch Hitting: SHB Luis López 0-0: Called Strike
0-1: Called Strike
0-2: Ball
1-2: Ball
2-2: Ball
3-2: Foul Ball, location: 2F
3-2: Foul Ball, location: 2F
3-2: Fly out, F7 (Flyball, 78D)
Top of the 7th over - 1 run, 1 hit, 0 errors, 0 left on base; Scottsdale 6 - Kenosha 6
BOTTOM OF THE 7TH
Kenosha Kingfish batting - Pitching for Scottsdale Scorpions : RHP José Alvarado
Now at 3B: Ronald Smith
Batting: RHB Millard Ferguson 0-0: Ball
1-0: Foul Ball, location: 2F
1-1: Ball
2-1: Foul Ball, location: 2F
2-2: Strikes out swinging
Batting: LHB Harry Davis 0-0: Called Strike
0-1: Called Strike
0-2: Ball
1-2: Reached on error, E5 (Groundball, 5L)
Batting: RHB Jeff Navarro 0-0: Swinging Strike
0-1: Called Strike
0-2: Strikes out swinging
Pinch Hitting: LHB Luis Martínez 0-0: Ball
1-0: SINGLE (Groundball, 4D)
Harry Davis to second
Runner from 2nd tries for 3rd, SAFE, no throw
Pinch Hitting: LHB Jerry Benjamin 0-0: Ball
1-0: Ball
2-0: Called Strike
2-1: Ball
3-1: Base on Balls
Luis Martínez to second
Batting: RHB Armando Arellano 0-0: Ball
1-0: Ball
2-0: SINGLE (Flyball, 89S)
Harry Davis scores
Luis Martínez to third
Jerry Benjamin to second
Runner from 3rd tries for Home, SAFE, no throw
Pitching: RHP Jorge Chávez
Batting: LHB Pat Williams 0-0: Called Strike
0-1: Foul Ball, location: 2F
0-2: Ball
1-2: Ball
2-2: Strikes out swinging
Bottom of the 7th over - 2 runs, 2 hits, 1 error, 2 left on base; Scottsdale 6 - Kenosha 8
TOP OF THE 8TH
Scottsdale Scorpions batting - Pitching for Kenosha Kingfish : RHP Jim Snyder
Now at 1B: Jerry Benjamin
Now in RF: Luis Martínez
Batting: RHB Phil Rowlett 0-0: Ball
1-0: SINGLE (Groundball, 56D)
Pitching: LHP Ray McKnight
Batting: LHB Clayton Bailey 0-0: Foul Ball, location: 2F
0-1: Swinging Strike
0-2: Foul Ball, location: 2F
0-2: Strikes out swinging
Batting: LHB Ángel De Jesús 0-0: Fly out, F9 (Flyball, 89D)
Pitching: RHP Greg Woods
Batting: RHB Robinson Fernández 0-0: Called Strike
0-1: Ground out 5-3 (Groundball, 56S)
Top of the 8th over - 0 runs, 1 hit, 0 errors, 1 left on base; Scottsdale 6 - Kenosha 8
BOTTOM OF THE 8TH
Kenosha Kingfish batting - Pitching for Scottsdale Scorpions : RHP Jorge Chávez
Batting: LHB Juan Rodríguez 0-0: Ball
1-0: Ball
2-0: Called Strike
2-1: Ball
3-1: Base on Balls
Batting: LHB Justin McCoy 0-0: Ball
1-0: Swinging Strike
1-1: Fly out, F3 (Line Drive, 34)
Lined into DP, U3 (Line Drive, 34)
Batting: RHB Millard Ferguson 0-0: Fly out, F6 (Line Drive, 6M)
Bottom of the 8th over - 0 runs, 0 hits, 0 errors, 0 left on base; Scottsdale 6 - Kenosha 8
TOP OF THE 9TH
Scottsdale Scorpions batting - Pitching for Kenosha Kingfish : RHP Greg Woods
Batting: LHB Ernesto Hernández 0-0: Ball
1-0: Ball
2-0: Foul Ball, location: 2F
2-1: Called Strike
2-2: Foul Ball, location: 2F
2-2: Ball
3-2: Foul Ball, location: 2F
3-2: Strikes out swinging
Batting: RHB José Martínez 0-0: Foul Ball, location: 2F
0-1: Swinging Strike
0-2: Ball
1-2: Ball
2-2: Strikes out swinging
Batting: LHB Shawn Brown 0-0: Ball
1-0: Ball
2-0: Ball
3-0: Base on Balls
Batting: LHB Tony Ayala 0-0: Ball
1-0: Called Strike
1-1: Swinging Strike
1-2: Ball
2-2: Foul Ball, location: 2F
2-2: Ball
3-2: 2-RUN HOME RUN (Flyball, 9D), Distance : 374 ft
Pitching: LHP José Carlos
Batting: RHB Ronald Smith 0-0: Ball
1-0: Called Strike
1-1: Swinging Strike
1-2: SINGLE (Groundball, 56D)
Pinch Runner at 1st Nathan Taylor:
Batting: RHB Phil Rowlett 0-0: Called Strike
0-1: Ball
1-1: Swinging Strike
1-2: Ball
2-2: Strikes out swinging
Top of the 9th over - 2 runs, 2 hits, 0 errors, 1 left on base; Scottsdale 8 - Kenosha 8
BOTTOM OF THE 9TH
Kenosha Kingfish batting - Pitching for Scottsdale Scorpions : RHP Jorge Chávez
Now at SS: Dean Oglethorpe
Batting: LHB Harry Davis 0-0: Ball
1-0: Foul Ball, location: 2F
1-1: Swinging Strike
1-2: Ball
2-2: Strikes out swinging
Batting: RHB Jeff Navarro 0-0: Called Strike
0-1: Foul Ball, location: 2F
0-2: Ball
1-2: Strikes out swinging, 2-3 out at first.
Batting: LHB Luis Martínez 0-0: Ball
1-0: Called Strike
1-1: Ball
2-1: Fly out, F7 (Flyball, 7LD)
Bottom of the 9th over - 0 runs, 0 hits, 0 errors, 0 left on base; Scottsdale 8 - Kenosha 8
TOP OF THE 10TH
Scottsdale Scorpions batting - Pitching for Kenosha Kingfish : LHP José Carlos
Batting: LHB Clayton Bailey 0-0: Called Strike
0-1: Ball
1-1: Foul Ball, location: 2F
1-2: Ball
2-2: Fly out, F6 (Popup, 56)
Pinch Hitting: RHB Randy Banks 0-0: Ball
1-0: Called Strike
1-1: Ball
2-1: Called Strike
2-2: Ground out U3 (Groundball, 3)
Batting: RHB Robinson Fernández 0-0: SINGLE (Groundball, 6MD)
Batting: LHB Ernesto Hernández 0-0: Called Strike
Robinson Fernández steals 2nd base
0-1: Foul Ball, location: 2F
0-2: Ground out 4-3 (Groundball, 4)
Top of the 10th over - 0 runs, 1 hit, 0 errors, 1 left on base; Scottsdale 8 - Kenosha 8
BOTTOM OF THE 10TH
Kenosha Kingfish batting - Pitching for Scottsdale Scorpions : RHP Jorge Chávez
Pitching: LHP Miguel Guerra
Now at C: Carlos Rosales
Batting: LHB Jerry Benjamin 0-0: Ball
1-0: Ground out 5-3 (Groundball, 56)
Batting: RHB Armando Arellano 0-0: Ball
1-0: Ball
2-0: Ball
3-0: Called Strike
3-1: Base on Balls
Batting: LHB Pat Williams 0-0: Called Strike
Armando Arellano is caught stealing 2nd base
0-1: Foul Ball, location: 2F
0-2: Ball
1-2: Foul Ball, location: 2F
1-2: Fly out, F8 (Flyball, 8LD)
Bottom of the 10th over - 0 runs, 0 hits, 0 errors, 0 left on base; Scottsdale 8 - Kenosha 8
TOP OF THE 11TH
Scottsdale Scorpions batting - Pitching for Kenosha Kingfish : LHP José Carlos
Batting: RHB José Martínez 0-0: Called Strike
0-1: Swinging Strike
0-2: Hit by Pitch
Batting: LHB Shawn Brown 0-0: Ball
1-0: Called Strike
1-1: Ball
2-1: Foul Ball, location: 2F
2-2: Ball
3-2: Fly out, F8 (Flyball, 8LM)
Batting: LHB Tony Ayala 0-0: Ball
1-0: Swinging Strike
1-1: Ball
2-1: Called Strike
2-2: Foul Ball, location: 2F
2-2: Ball
3-2: Fly out, F2 (Popup, 13S)
Batting: RHB Dean Oglethorpe 0-0: Ball
1-0: Called Strike
1-1: Called Strike
1-2: Strikes out swinging
Top of the 11th over - 0 runs, 0 hits, 0 errors, 1 left on base; Scottsdale 8 - Kenosha 8
BOTTOM OF THE 11TH
Kenosha Kingfish batting - Pitching for Scottsdale Scorpions : LHP Miguel Guerra
Batting: LHB Juan Rodríguez 0-0: Foul Ball, location: 2F
0-1: Ball
1-1: Ball
2-1: Foul Ball, location: 2F
2-2: Ball
3-2: Base on Balls
Pinch Hitting: RHB Vicente Rosales 0-0: Swinging Strike
0-1: Ball
1-1: Ball
2-1: Ball
3-1: Called Strike
3-2: Strikes out looking
Batting: RHB Millard Ferguson 0-0: Ball
1-0: Ball
2-0: Swinging Strike
2-1: Swinging Strike
2-2: Strikes out swinging
Pinch Hitting: RHB Warren Strathbogie 0-0: 2-RUN HOME RUN (Flyball, 7D), Distance : 394 ft
Saturday, April 7th, 2018 - OOTP Baseball 18.8 Build 76